 Dungeon Crawl Stone Soup version 0.31.0-1-g2c135a008e (webtiles) character file.

Game seed: 14730686421547072691

108 qw the Shooter (level 5, -1/40 HPs)
             Began as a Djinni Hunter on Jan 23, 2024.
             Slain by a goblin
             ... wielding a +0 club
             ... led by Robin
              (6 damage)
             ... on level 4 of the Dungeon.
             The game lasted 00:00:10 (2069 turns).

qw the Shooter (Djinni Hunter)                      Turns: 2069, Time: 00:00:10

Health: -1/40      AC:  5    Str: 12    XL:     5   Next: 12%
Gold:   157        EV: 11    Int: 12    God:
                   SH:  0    Dex: 19

rFire   + + .        a - +1 shortbow
rCold   x . .        (shield currently unavailable)
rNeg    + . .        f - +0 ring mail
rPois   inf          (no helmet)
rElec   .            (no cloak)
rCorr   .            (no gloves)
SInv    .            (boots unavailable)
Will    .....        (no amulet)
Stlth   ++           e - ring "Xuesy" {rN+ Str+2 Int+2 Stlth+}
HPRegen 0.26/turn    (no ring)
MPRegen 0.00/turn

%: infuse magic (-2 HP)
@: flying
A: sickness immunity, fire resistance 2, cold vulnerability 1, float, innate
caster, HP casting, extra vitality 1
a: no special abilities


You were on level 4 of the Dungeon.
You visited 1 branch of the dungeon, and saw 4 of its levels.

You collected 157 gold pieces.


Innate Abilities, Weirdness & Mutations

You are immune to sickness and miasma.
You are immune to poison.
Your flesh is very heat resistant. (rF++)
You are vulnerable to cold. (rC-)
You float through the air rather than walking.
You learn spells naturally, not from books.
Your magical power is your life essence.
You have superior vitality. (+4 MHP)


   Skills:
 - Level 3.0 Fighting
 + Level 4.1 Ranged Weapons
 - Level 1.0 Armour
 - Level 3.0 Dodging
 - Level 0.7 Stealth


You knew the following spells:

 Your Spells              Type           Power      Damage    Failure   Level
a - Necrotise             Necr           0%         1d4       58%         1
b - Scorch                Fire           0%         2d5       75%         2
Your spell library was empty.

Inventory:

Hand Weapons
 a - a +1 shortbow (weapon)
Armour
 f - a +0 ring mail (worn)
Jewellery
 e - the ring "Xuesy" (left hand) {rN+ Str+2 Int+2 Stlth+}
   (You found it on level 2 of the Dungeon)

   [ring of positive energy]

   Str+2:     It affects your strength (+2).
   Int+2:     It affects your intelligence (+2).
   rN+:       It protects you from negative energy.
   Stlth+:    It makes you more stealthy.
Potions
 b - a potion of might

Dungeon Overview and Level Annotations

Branches:
Dungeon (4/15)
 Temple: D:4-7

Altars:
Ashenzari
Elyvilon
Uskayaw

Annotations:
D:4 Robin


Message History

The hobgoblin hits you but does no damage.
The goblin hits you with a +0 club. Robin throws the goblin at you!
The hobgoblin hits you but does no damage.
A goblin comes into view. It is wielding a +0 vampiric dagger.
The goblin closely misses you. The goblin barely misses you.
Robin laughs in a distinctly smug fashion.
Robin throws the goblin at you! The goblin barely misses you.
A goblin comes into view. It is wielding a +0 dagger.
You shoot an arrow.
The arrow hits the hobgoblin but does no damage.
The hobgoblin is severely wounded.
The hobgoblin barely misses you. The goblin misses you.
The goblin hits you but does no damage. The goblin closely misses you.
Robin throws the goblin at you!
You shoot an arrow. The arrow closely misses the hobgoblin.
The hobgoblin hits you but does no damage.
The goblin hits you but does no damage. The goblin closely misses you.
The goblin hits you but does no damage. The goblin hits you with a +0 dagger.
You shoot an arrow. The ball python hisses angrily.
The arrow hits the hobgoblin but does no damage.
The hobgoblin is severely wounded.
The hobgoblin hits you. The goblin hits you but does no damage.
The goblin misses you. The goblin hits you with a +0 club.
The goblin hits you with a +0 dagger. The goblin hits you with a +0 club. x2
The goblin completely misses you.
The hobgoblin hits you but does no damage.
The goblin hits you with a +0 club.
You shoot an arrow.
The arrow hits the hobgoblin but does no damage.
The hobgoblin is severely wounded.
The hobgoblin hits you. The goblin barely misses you. x2
The goblin hits you with a +0 dagger.
You shoot an arrow. The arrow hits the hobgoblin!
You kill the hobgoblin!
The goblin hits you with a +0 club. The goblin barely misses you. x2
Robin barely misses you.
The goblin hits you but does no damage. x2
The goblin hits you with a +0 club. The goblin closely misses you.
The goblin hits you with a +0 club.
You die...

.............#.......
..........%..#....... .
.........##'##.)..... ..
.........#..##...##..
......####'##..##...##..
.... #....#....#.......
....S #....#....'.......
....=g#g#####..#######..
.....wg@g...#### ..
.....gggg...... .
...............
...............
..$............
...............
......###+##### ......


You could see Robin, a dart slug, 7 goblins and a ball python.

Vanquished Creatures
  3 adders
  4 dart slugs (D:1)
  2 ribbon worms
  4 ball pythons
  7 endoplasms
  4 giant cockroaches
  5 goblins
  5 hobgoblins
  7 jackals
  3 quokkas
  5 bats
  4 frilled lizards
  5 kobolds
  5 rats
63 creatures vanquished.

Notes
Turn   | Place    | Note
-------+----------+-------------------------------------------
     0 | D:1      | qw the Djinni Hunter began the quest for the Orb.
     0 | D:1      | Reached XP level 1. HP: 18/18 MP: 0/0
     0 | D:1      | 0 ||| qw: Version: 0.3-a-136-gdd3b4e8
     0 | D:1      | 0 ||| qw: Game counter: 1163
     0 | D:1      | 0 ||| qw: Melee chars always use a shield: true
     0 | D:1      | 0 ||| qw: God list: Okawaru
     0 | D:1      | 0 ||| qw: Allow faded altars: false
     0 | D:1      | 0 ||| qw: Do Orc after clearing Dungeon:15 true
     0 | D:1      | 0 ||| qw: Do second Lair branch before Depths: true
     0 | D:1      | 0 ||| qw: Lair rune preference: random
     0 | D:1      | 0 ||| qw: Goals: Normal
     0 | D:1      | 0 ||| PLANNING D:1-11
    64 | D:1      | Reached XP level 2. HP: 20/23 MP: 0/0
   325 | D:1      | Reached skill level 4 in Ranged Weapons
   325 | D:1      | Reached XP level 3. HP: 28/28 MP: 0/0
   325 | D:1      | Learned a level 1 spell: Necrotise
   741 | D:1      | 741 ||| UPGRADING to +0 ring mail.
   751 | D:1      | 751 ||| DROPPING +0 leather armour.
   752 | D:1      | 752 ||| READING 2 scrolls labelled XEGHUTESUFF.
   752 | D:1      | 752 ||| IDENTIFYING smoky black potion
   753 | D:1      | 753 ||| DRINKING potion of mutation.
   753 | D:1      | Gained mutation: You are clumsy. (Dex -2) [potion of
                  | mutation]
   753 | D:1      | Lost mutation: You are clumsy. (Dex -2) [potion of
                  | mutation]
   754 | D:1      | 754 ||| READING scroll of identify.
   754 | D:1      | 754 ||| IDENTIFYING dark potion
   755 | D:1      | 755 ||| READING 3 scrolls labelled TAAWAQ GESCHA.
   756 | D:1      | 756 ||| READING scroll labelled KAHU FUZXOFI.
   757 | D:1      | 757 ||| READING scroll labelled OGURRO YTWO.
   758 | D:1      | 758 ||| READING scroll labelled DESTIA LULA.
   759 | D:1      | 759 ||| DROPPING scroll of butterflies.
   760 | D:1      | 760 ||| DROPPING 2 scrolls of poison.
   761 | D:1      | 761 ||| DROPPING potion of attraction.
   777 | D:2      | 777 ||| STAIRDANCE
   783 | D:2      | 783 ||| STAIRDANCE
   831 | D:2      | Reached skill level 1 in Armour
   831 | D:2      | Reached XP level 4. HP: 34/34 MP: 0/0
   965 | D:2      | Reached skill level 3 in Fighting
  1259 | D:2      | Found a broken altar of Ashenzari.
  1272 | D:2      | Identified the ring "Xuesy" {rN+ Str+2 Int+2 Stlth+}
  1490 | D:2      | 1490 ||| UPGRADING to ring "Xuesy" {rN+ Str+2 Int+2
                  | Stlth+}.
  1491 | D:2      | 1491 ||| READING 2 scrolls of identify.
  1491 | D:2      | 1491 ||| IDENTIFYING fuming red potion
  1492 | D:2      | 1492 ||| READING scroll of identify.
  1492 | D:2      | 1492 ||| IDENTIFYING bubbling golden potion
  1493 | D:2      | 1493 ||| READING scroll labelled TAKKUP FOMA.
  1493 | D:2      | 1493 ||| ENCHANTING +0 shortbow.
  1494 | D:2      | 1494 ||| DROPPING potion of magic.
  1669 | D:3      | Found a hide-covered altar of Uskayaw.
  1730 | D:3      | Found a white marble altar of Elyvilon.
  1754 | D:3      | Reached XP level 5. HP: 40/40 MP: 0/0
  1754 | D:3      | Learned a level 2 spell: Scorch
  1935 | D:3      | 1935 ||| READING scroll of identify.
  1935 | D:3      | 1935 ||| IDENTIFYING 2 murky yellow potions
  1936 | D:3      | 1936 ||| READING scroll labelled YPNOTE WETIORA.
  1937 | D:3      | 1937 ||| READING scroll labelled VANEOH HEYDAENIPT.
  1942 | D:3      | 1942 ||| DROPPING 2 potions of degeneration.
  1989 | D:4      | Reached skill level 3 in Dodging
  2023 | D:4      | 2023 ||| DROPPING +2 sling of flaming.
  2059 | D:4      | Noticed Robin
  2069 | D:4      | HP: 7/40 [goblin/+0 club[Robin] (4)]
  2069 | D:4      | Slain by a goblin

Levels and vault maps discovered:
D:1:      dpeg_arrival_tiny_a, layout_loops_ring, serial_forest,
          infiniplex_forest_clump_small, infiniplex_forest_straight_2,
          infiniplex_forest_clump_medium, infiniplex_forest_clump_C,
          infiniplex_forest_clump_small
D:2:      layout_basic, basic_altar
D:3:      layout_rooms, mainiacjoe_overflow_concentric_impassable,
          mainiacjoe_overflow_brackets, minmay_strange_pillars
D:4:      layout_gridville, riverfiend_overflow_shadow_ancestor,
          nemelex_spade_bored_becter, minmay_temple_entry_drinking_statues,
          nicolae_shop_i_like_small_books_too, kennysheep_small_circle,
          uniq_blork_the_orc, uniq_grinder, uniq_robin, uniq_sigmund

Skill      XL: |  1  2  3  4  5 |
---------------+----------------+-----
Ranged Weapons | 4 |  4.1
Armour         | 1 |  1.0
Fighting       | 3 |  3.0
Dodging        | 3 |  3.0
Stealth        | |  0.7

Action                     |  1- 3 |  4- 6 || total
---------------------------+-------+-------++-------
   Fire: Shortbow          |    84 |   123 ||   207
    Use: Scroll            |     6 |     6 ||    12
         Potion            |     1 |       ||     1
 Armour: Leather armour    |    28 |       ||    28
         Ring mail         |    13 |    56 ||    69
  Dodge: Dodged            |    54 |    48 ||   102

Table legend:
 A = Non-vault XP
 B = Vault XP
 C = Vault XP percentage of total XP
 D = Non-vault monster count
 E = Vault monster count
 F = Vault count percentage of total count
                 A         B        C        D         E       F
            +---------+---------+-------+---------+---------+-------
      Total |     155 |       2 |   1.3 |      62 |       1 |   1.6
            +---------+---------+-------+---------+---------+-------
        D:1 |      57 |       0 |   0.0 |      29 |       0 |   0.0
        D:2 |      48 |       0 |   0.0 |      14 |       0 |   0.0
        D:3 |      40 |       0 |   0.0 |      14 |       0 |   0.0
        D:4 |      10 |       2 |  16.7 |       5 |       1 |  16.7
            +---------+---------+-------+---------+---------+-------
